AoeStats
← ツZuck3r

Lombardia

509348697Analyzed
2v2 RM · 4d ago on Sep 26, 2026· 55m 13s· 4 players
Game mode
Random Map
Map size
Medium (4 player)
Population
200
Speed
Normal
Resources
Standard
Victory
Conquest
Starting age
Dark Age
Ending age
Imperial Age
RankedLock teamsTeams togetherTeam positionsShared explorationLock speedFull tech treeHidden civsTurbo modeCheats
Victory
Defeat
🇩🇪 Chinese · Germany
600
+21
🇺🇸 Byzantines · United States
490
+25
🇫🇷 Vietnamese · France
718
-23
🇫🇷 Magyars · France
717
-23
ツZuck3r
0:33 Loom
11:20 Feudal Age
12:40 Wheelbarrow
11:53 Double-Bit Axe
11:50 Horse Collar
15:08 Gold Mining
17:53 Stone Mining
20:54 Castle Age
22:00 Hand Cart
21:48 Heavy Plow
22:01 Bow Saw
22:28 Gold Shaft Mining
22:31 Stone Shaft Mining
27:34 Squires
28:49 Caravan
30:08 Masonry
30:09 Fortified Wall
33:18 Forging
33:08 Scale Mail Armor
33:13 Scale Barding Armor
36:56 Iron Casting
36:36 Chain Mail Armor
36:42 Chain Barding Armor
43:17 Imperial Age
43:33 Heavy Scorpion
43:34 Capped Ram
43:35 Cavalier
43:38 Elite Fire Lancer
44:39 Conscription
44:40 Rocketry
44:20 Great Wall
47:54 Siege Ram
Trumpie23
12:28 Feudal Age
13:00 Loom
13:09 Double-Bit Axe
15:37 Horse Collar
21:38 Gold Mining
24:34 Castle Age
24:26 Fletching
26:12 Stone Mining
27:34 Bow Saw
28:33 Forging
29:55 Iron Casting
29:16 Bodkin Arrow
35:44 Fortified Wall
35:32 Pikeman
40:01 Imperial Age
38:34 Padded Archer Armor
38:34 Scale Mail Armor
37:59 Elite Skirmisher
40:46 Guard Tower
41:17 Ballistics
41:57 Chemistry
43:39 Chain Mail Armor
43:40 Leather Archer Armor
43:30 Scale Barding Armor
49:56 Ring Archer Armor
49:56 Plate Mail Armor
52:11 Keep
54:05 Conscription
Furydecon
14:24 Feudal Age
12:46 Loom
18:02 Castle Age
16:33 Stone Mining
22:34 Horse Collar
23:39 Double-Bit Axe
25:48 Bow Saw
25:56 Heavy Plow
35:48 Forging
35:39 Scale Mail Armor
36:39 Gold Mining
37:45 Iron Casting
38:00 Caravan
42:11 Chain Mail Armor
42:52 Squires
43:48 Wheelbarrow
43:02 Town Watch
49:09 Imperial Age
47:00 Hand Cart
48:02 Squires
47:48 Arson
48:00 Fletching
48:10 Padded Archer Armor
49:19 Elite Fire Lancer
Clem38
0:31 Loom
11:58 Feudal Age
20:57 Castle Age
19:49 Horse Collar
19:59 Double-Bit Axe
21:08 Stone Mining
21:10 Gold Mining
22:43 Heavy Plow
24:12 Bow Saw
24:41 Gold Shaft Mining
26:09 Wheelbarrow
26:40 Town Watch
29:10 Pikeman
32:10 Hand Cart
39:07 Imperial Age
36:53 Husbandry
36:16 Light Cavalry
40:01 Cavalier
40:51 Bloodlines
40:10 Heavy Scorpion
42:42 Onager
47:53 Scale Barding Armor
47:48 Scale Mail Armor
48:59 Halberdier
Connection lost

Rejoining the realm…

Still unreachable

The connection could not be restored.

Session expired

The server has moved on; the page needs a fresh start.